 Dungeon Crawl Stone Soup version 0.20-a0-59-g66a9409 (webtiles) character file.

501 KristoblXynda the Stinger (level 6, 0/45 HPs)
             Began as a Draconian Venom Mage on Nov 16, 2016.
             Slain by a gnoll
             ... wielding a +3 whip
              (2 damage)
             ... on level 3 of the Dungeon.
             The game lasted 00:08:22 (3709 turns).

KristoblXynda the Stinger (Draconian Venom Mage)    Turns: 3709, Time: 00:08:23

Health: 0/45       AC:  7    Str: 11    XL:     6   Next: 95%
Magic:  6/12       EV:  6    Int: 17    God:
Gold:   170        SH:  0    Dex: 11    Spells: 2 memorised, 10 levels left

rFire  . . .     SeeInvis .     q - +2 flail (holy)
rCold  . . .     Gourm    .     (armour unavailable)
rNeg   + . .     Faith    .     (no shield)
rPois  .         Spirit   .     (helmet restricted)
rElec  .         Reflect  .     (no cloak)
rCorr  .         Harm     .     d - +0 pair of gloves
MR     .....                    (no boots)
Stlth  ++........               (no amulet)
                                (no ring)
                                k - ring of positive energy

@: held
A: unfitting armour, cold-blooded, AC +6
a: no special abilities


You were on level 3 of the Dungeon.
You were hungry.

You visited 1 branch of the dungeon, and saw 3 of its levels.

You collected 170 gold pieces.

Inventory:

Hand Weapons
 q - a +2 flail of holy wrath (weapon)
Missiles
 m - 5 javelins (quivered)
Armour
 d - a +0 pair of gloves (worn)
Jewellery
 k - a ring of positive energy (left hand)
Wands
 o - a wand of iceblast (6/15)
Scrolls
 c - 6 scrolls of amnesia
 e - a scroll of identify
 n - 2 scrolls of remove curse
 p - a scroll of magic mapping
Potions
 f - a potion of might
 g - a potion of berserk rage {unknown}
 j - a potion of lignification {unknown}
 l - a potion of cancellation {unknown}
Books
 a - a Young Poisoner's Handbook

   Spells                             Type                      Level
   a - Sting                          Conjuration/Poison           1
   b - Mephitic Cloud                 Conjuration/Poison/Air       3
   c - Olgreb's Toxic Radiance        Poison                       4
   d - Alistair's Intoxication        Transmutation/Poison         5
   e - Venom Bolt                     Conjuration/Poison           5
Comestibles
 b - 5 bread rations
 h - a royal jelly


   Skills:
 - Level 1.7 Dodging
 - Level 1.7 Stealth
 + Level 4.6 Spellcasting
 + Level 3.8 Conjurations
 + Level 1.5 Air Magic
 - Level 5.2 Poison Magic


You had 10 spell levels left.
You knew the following spells:

 Your Spells              Type           Power        Failure   Level  Hunger
a - Sting                 Conj/Pois      ###.         2%          1    None
b - Mephitic Cloud        Conj/Pois/Air  ###.....     12%         3    ###....


Dungeon Overview and Level Annotations

Branches:
Dungeon (3/15)

Altars:


Innate Abilities, Weirdness & Mutations

Your plain brown scales are hard. (AC +6)
You cannot fit into any form of body armour.
You are cold-blooded and may be slowed by cold attacks.


Message History

Confirm with . or Enter, or press ? or * to list all spells.
Aiming: Sting
Press: ? - help, Shift-Dir - straight line, f/p - gnoll
Aim: a gnoll, wielding an enchanted whip (heavily wounded, poisoned)
The sting hits the gnoll.
The gnoll is severely wounded.
The gnoll hits you with an enchanted whip!
* * * LOW HITPOINT WARNING * * *
The gnoll hits you but does no damage.
The gnoll shouts!
The gnoll hits you with a whip!
* * * LOW HITPOINT WARNING * * *
Okay, then.
The gnoll closely misses you.
The gnoll throws a throwing net.
The throwing net hits you.
You become entangled in the net!
You see here a throwing net.
You tear a large gash into the net.
The gnoll hits you with an enchanted whip.
You die...

≈....≈≈≈≈≈≈≈≈≈≈≈≈#####≈≈....#....
.................#...#≈≈....#####
#''''#############...#≈≈....#
#....#...........#'###≈≈P...#
'....)....)......'.#,≈≈≈....#
#....#...).....).#.#.≈≈≈....#
##################.#,≈≈≈,,,,#####
,,,,,,,,,,+,#...)g.#,≈≈≈,,,,#....
,,,,,,,,,,*,#...@g.#,≈≈≈,,,,#####
,,,,,,,,,,*,##'###g#,≈≈≈,,,,*
,,,,,,,,,,*,#...,#.#,≈≈≈,,,,*
*********+**#...,#g#,≈≈≈,,,,*
,,**,,,,,,,.'...,#)#**≈≈,,,,*
**********######*#..,*≈≈,,,,*
,,,,,,,,,,,,,,,,,#...*≈≈,,,,*
≈≈≈≈≈≈≈≈≈≈≈≈≈≈≈≈≈#####≈≈,,,,*
≈≈≈≈≈≈≈≈≈≈≈≈≈≈≈≈≈≈≈≈≈≈≈≈,,,,*


You could see 3 gnolls.

Vanquished Creatures
  Grinder (D:3)
  A bullfrog (D:3)
  15 gnolls (D:3)
  2 adders (D:2)
  3 dart slugs
  2 leopard geckos
  An orc (D:3)
  2 ball pythons (D:2)
  7 bats
  7 giant cockroaches
  5 goblins
  10 hobgoblins
  7 jackals
  8 kobolds
  2 frilled lizards
  A quokka skeleton (D:3)
  6 rats
80 creatures vanquished.

Notes
Turn   | Place    | Note
-------+----------+-------------------------------------------
     0 | D:1      | KristoblXynda the Draconian Venom Mage began the quest for the Orb.
     0 | D:1      | Reached XP level 1. HP: 14/14 MP: 3/3
   211 | D:1      | Reached skill level 1 in Conjurations
   573 | D:1      | Reached XP level 2. HP: 20/20 MP: 0/5
  1107 | D:1      | Reached XP level 3. HP: 23/26 MP: 4/6
  1998 | D:2      | Reached XP level 4. HP: 33/33 MP: 3/8
  2009 | D:2      | Learned a level 3 spell: Mephitic Cloud
  2457 | D:3      | Noticed Grinder
  2463 | D:3      | Paralysed by Grinder for 6 turns
  2472 | D:3      | Killed Grinder
  2472 | D:3      | Reached skill level 5 in Poison Magic
  2472 | D:3      | Reached XP level 5. HP: 14/38 MP: 8/10
  2472 | D:3      | Reached XP level 6. HP: 17/45 MP: 8/11
  2985 | D:3      | Reached skill level 1 in Air Magic
  3706 | D:3      | HP: 2/45 [gnoll/whip (9)]
  3709 | D:3      | Slain by a gnoll

Vault maps used:
D:1:      mrwooster_arrival_statue_2, minmay_misc_feat_square
D:3:      lemuel_castle_with_subvaults, first_bread, kennysheep_cross_room,
          uniq_grinder

Skill      XL: |  1  2  3  4  5  6 |
---------------+-------------------+-----
Conjurations   | 1 3 |  3.8
Spellcasting   | 3 4 |  4.6
Poison Magic   | 5 |  5.2
Air Magic      | 1 |  1.5
Dodging        | |  1.7
Stealth        | |  1.7

Action                   |  1- 3 |  4- 6 || total
-------------------------+-------+-------++-------
Melee: Unarmed           |    15 |       ||    15
       Mace              |     9 |       ||     9
       Tailslap          |    12 |     8 ||    20
       Dagger            |    95 |    94 ||   189
       Flail             |       |     2 ||     2
 Cast: Sting             |    51 |    74 ||   125
  Use: Scroll            |     4 |     3 ||     7
       Potion            |       |     2 ||     2
 Stab: Sleeping          |     5 |     2 ||     7
  Eat: Chunk             |     4 |     5 ||     9
Armor: Skin              |    38 |    31 ||    69
Dodge: Dodged            |    91 |    95 ||   186
